 Dungeon Crawl Stone Soup version 0.25-a0-591-g2ad0d861f1 (webtiles) character file.

Game seed: 10586629380392269366, levelgen mode: deterministic

7 n0claF the Grave Robber (level 1, -1/13 HPs)
             Began as a Mummy Necromancer on Mar 13, 2020.
             Slain by a hobgoblin (4 damage)
             ... on level 1 of the Dungeon.
             The game lasted 00:02:42 (554 turns).

n0claF the Grave Robber (Mummy Necromancer)          Turns: 554, Time: 00:02:43

Health: -1/13      AC:  2    Str: 11    XL:     1   Next: 91%
Magic:  3/4        EV: 12    Int: 14    God:
Gold:   7          SH:  0    Dex: 12    Spells: 4/6 levels left

rFire    x . .     SeeInvis .   (no weapon)
rCold    + . .     Gourm    .   (no shield)
rNeg     + + +     Faith    .   a - +0 robe
rPois    ∞         Spirit   .   (no helmet)
rElec    .         Reflect  .   (no cloak)
rCorr    .         Harm     .   (no gloves)
MR       .....                  (no boots)
Stlth    ++........             (no amulet)
HPRegen  0.04/turn              (no ring)
MPRegen  0.09/turn              (no ring)

@: no status effects
A: no food or potions, fire vulnerability, cold resistance 1, negative energy
resistance 3, torment resistance, unbreathing
a: no special abilities


You were on level 1 of the Dungeon.
You were not hungry.

You visited 1 branch of the dungeon, and saw 2 of its levels.

You collected 7 gold pieces.

Inventory:

Armour
 a - a +0 robe (worn)
Scrolls
 b - a scroll of identify {unknown}
 c - a scroll of enchant armour {unknown}


   Skills:
 - Level 1.5 Dodging
 - Level 1.5 Stealth
 + Level 3.0 Spellcasting
 * Level 4.3 Necromancy


You had 4 spell levels left.
You knew the following spells:

 Your Spells              Type           Power        Failure   Level  Hunger
a - Pain                  Necr           ##..         3%          1    N/A
z - Animate Skeleton      Necr           N/A          3%          1    N/A

Your spell library contained the following spells:

 Spells                   Type           Power        Failure   Level  Hunger
 Vampiric Draining        Necr           ##........   11%         3    N/A
 Animate Dead             Necr           N/A          36%         4    N/A
 Agony                    Necr           ##......     71%         5    N/A

Dungeon Overview and Level Annotations

Branches:
Dungeon (2/15)

Altars:


Innate Abilities, Weirdness & Mutations

You do not eat or drink.
Your flesh is vulnerable to fire.
You are immune to poison.
Your flesh is cold resistant. (rC+)
You are immune to negative energy. (rN+++)
You are immune to unholy pain and torment.
You can survive without breathing.


Message History

You kill the bat!
Your Spellcasting skill increases to level 3! 2 hobgoblins and a dart slug come into view.
The hobgoblin shouts! x2
Found a stone staircase leading down.
There is an open door here.
There is nothing here that can be animated!
There is nothing here that can be animated!
There is nothing here that can be animated!
The hobgoblin hits you with a +0 club.
You see here a bat corpse.
You attempt to give life to the dead...
Before your eyes, flesh is ripped from the corpse!
The dead are flying!
You see here a chunk of flesh.
Aim: a hobgoblin (chance to defeat MR: 85%)
The hobgoblin writhes in agony.
Your bat skeleton hits the hobgoblin but does no damage.
The hobgoblin hits you but does no damage.
Your bat skeleton hits the hobgoblin.
The hobgoblin closely misses you.
Aim: a hobgoblin (moderately wounded, chance to defeat MR: 85%)
The hobgoblin barely resists.
Your bat skeleton closely misses the hobgoblin.
Your bat skeleton barely misses the hobgoblin.
The hobgoblin closely misses you.
Your bat skeleton misses the hobgoblin.
The hobgoblin hits you.
* * * LOW HITPOINT WARNING * * *
You don't have enough magic to cast that spell.
Your bat skeleton closely misses the hobgoblin. x2
Your bat skeleton hits the hobgoblin.
The hobgoblin hits your bat skeleton.
Your bat skeleton hits the hobgoblin but does no damage. x2
The dart slug bites your bat skeleton.
Your bat skeleton is destroyed!
The hobgoblin barely misses you.
There is a stone staircase leading down here.
The hobgoblin hits you with a +0 club.
* * * LOW HITPOINT WARNING * * *
You climb downwards.
There is a stone staircase leading up here.
You start resting.
You start resting.
You climb upwards.
The hobgoblin closely misses you. The hobgoblin barely misses you. x2
There is a stone staircase leading down here.
Aim: a hobgoblin (chance to defeat MR: 85%)
The hobgoblin writhes in agony.
The hobgoblin hits you. The hobgoblin hits you with a +0 club.
* * * LOW HITPOINT WARNING * * *
The hobgoblin hits you.
You die...

#### #.. #.##### #
######......##.# .
#.......###....# #
#### #...........#
#
.....#...w...@g..#
# #...........g..#
. #.###..........#
. # #.'[.........#
. #.#..........#
.# #.#..........#
.# #%#..........#
. #.#...##+##### #
.#####.###.#


You could see a dart slug and 2 hobgoblins.

Vanquished Creatures
  A bat (D:1)
  A giant cockroach (D:1)
  3 hobgoblins (D:1)
  A frilled lizard (D:1)
6 creatures vanquished.

Notes
Turn   | Place    | Note
-------+----------+-------------------------------------------
     0 | D:1      | n0claF the Mummy Necromancer began the quest for the Orb.
     0 | D:1      | Reached XP level 1. HP: 13/13 MP: 4/4
     2 | D:1      | Learned a level 1 spell: Animate Skeleton
   554 | D:1      | Slain by a hobgoblin

Levels and vault maps discovered:
D:1:      scummos_arrival_simple_fountains, layout_basic
D:2:      layout_basic, grunt_decor_cap, minivault_19, uniq_jessica

Skill      XL: |  1 |
---------------+----+-----
Spellcasting   | 3 |  3.0
Dodging        | |  1.5
Stealth        | |  1.5
Necromancy     | |  4.3

Action                   || total
-------------------------++-------
Melee: Unarmed           ||    17
 Cast: Pain              ||    14
       Animate Skeleton  ||     1
Armor: Robe              ||     5
Dodge: Dodged            ||    18

Table legend:
 A = Non-vault XP
 B = Vault XP
 C = Vault XP percentage of total XP
 D = Non-vault monster count
 E = Vault monster count
 F = Vault count percentage of total count
                 A         B        C        D         E       F
            +---------+---------+-------+---------+---------+-------
      Total |      11 |       0 |   0.0 |       6 |       0 |   0.0
            +---------+---------+-------+---------+---------+-------
        D:1 |      11 |       0 |   0.0 |       6 |       0 |   0.0
            +---------+---------+-------+---------+---------+-------
